 Dungeon Crawl Stone Soup version 0.19-a0-32-gbfd796a (webtiles) character file.

91 namelastname112 the Conjurer (level 4, 0/33 HPs)
             Began as a Draconian Conjurer on May 3, 2016.
             Slain by Terence
             ... wielding a +0 mace
              (5 damage)
             ... on level 2 of the Dungeon.
             The game lasted 00:02:56 (1420 turns).

namelastname112 the Conjurer (Draconian Conjurer)   Turns: 1420, Time: 00:02:56

Health: 0/33       AC:  5    Str: 10    XL:     4   Next: 33%
Magic:  0/9        EV: 12    Int: 17    God:
Gold:   45         SH:  0    Dex: 11    Spells: 2 memorised, 6 levels left

rFire  . . .     SeeInvis .     c - -2 short sword (curse)
rCold  . . .     Gourm    .     (armour unavailable)
rNeg   . . .     Faith    .     (no shield)
rPois  .         Spirit   .     (helmet restricted)
rElec  .         Dismiss  .     (no cloak)
rCorr  .         Reflect  .     (no gloves)
SustAt .         Harm     .     (no boots)
MR     .....                    (no amulet)
Stlth  ++........               (no ring)
                                (no ring)

@: not resistant to hostile enchantments, unstealthy
A: unfitting armour, cold-blooded, AC +5
a: no special abilities


You were on level 2 of the Dungeon.
You were not hungry.

You visited 1 branch of the dungeon, and saw 2 of its levels.

You collected 45 gold pieces.

Inventory:

Hand Weapons
 c - a cursed -2 short sword (weapon)
 j - a +0 dagger of venom
Missiles
 f - 3 curare-tipped needles
Scrolls
 e - a scroll of enchant weapon {unknown}
 k - a scroll of fog {unknown}
 l - a scroll of noise {unknown}
Potions
 d - a potion of brilliance
 g - a potion of curing
 i - a potion of haste {unknown}
Books
 a - a book of Conjurations

   Spells                             Type                      Level
   a - Magic Dart                     Conjuration                  1
   b - Searing Ray                    Conjuration                  2
   c - Dazzling Spray                 Conjuration/Hexes            3
   d - Fulminant Prism                Conjuration/Hexes            4
   e - Iskenderun's Mystic Blast      Conjuration                  4
   f - Iskenderun's Battlesphere      Conjuration/Charms           5
Comestibles
 b - 3 bread rations
 m - a royal jelly
 n - a beef jerky


   Skills:
 - Level 1.7 Dodging
 - Level 1.7 Stealth
 + Level 3.4 Spellcasting
 + Level 4.9 Conjurations


You had 6 spell levels left.
You knew the following spells:

 Your Spells              Type           Power        Failure   Level  Hunger
x - Searing Ray           Conj           ###...       3%          2    ##.....
z - Magic Dart            Conj           ###.         2%          1    None


Dungeon Overview and Level Annotations

Branches:
Dungeon (2/15)

Altars:
Fedhas

Annotations:
D:2 Terence


Innate Abilities, Weirdness & Mutations

Your plain brown scales are hard (AC +5).
Your body does not fit into most forms of armour.
You are cold-blooded and may be slowed by cold attacks.


Message History

The giant gecko bites you but does no damage.
You now have 0/9 mp.
You barely miss the giant gecko.
The giant gecko is lightly wounded.
Terence hits you with a mace. The giant gecko barely misses you.
You take 4 damage, and have 12/33 hp.
You barely miss the giant gecko.
The giant gecko is lightly wounded.
The giant gecko closely misses you. Terence hits you with a mace!
* * * LOW HITPOINT WARNING * * *
You take 7 damage, and have 5/33 hp.
MASSIVE DAMAGE!!
Casting: Magic Dart
Confirm with . or Enter, or press ? or * to list all spells.
Aiming: Magic Dart
Press: ? - help, Shift-Dir - straight line, f/p - giant gecko
Aim: a giant gecko (lightly wounded, clinging)
The magic dart hits the giant gecko.
You kill the giant gecko!
Terence hits you with a mace.
You die...

#.###### #......#
########.####.# #
.........# #.
########.# #. #.# #.
#.# #.#######.####.###
# #).)@@........... .
#.....#######.###..@.#
..... #... >.. ....
##### # ... ##


You could see Terence.

Vanquished Creatures
  Jessica (D:2)
  2 adders (D:2)
  An ooze (D:1)
  A dart slug (D:2)
  A giant gecko (D:2)
  A ball python (D:2)
  3 giant cockroaches
  5 goblins
  3 hobgoblins
  A jackal (D:2)
  A quokka (D:2)
  5 bats
  2 giant newts
  7 kobolds
  6 rats (D:1)
40 creatures vanquished.

Notes
Turn   | Place    | Note
--------------------------------------------------------------
     0 | D:1      | namelastname112 the Draconian Conjurer began the quest for the Orb.
     0 | D:1      | Reached XP level 1. HP: 14/14 MP: 3/3
   141 | D:1      | Reached XP level 2. HP: 18/20 MP: 0/5
   145 | D:1      | Learned a level 2 spell: Searing Ray
   665 | D:2      | Noticed Terence
   701 | D:2      | Found a blossoming altar of Fedhas.
   903 | D:2      | Reached XP level 3. HP: 26/26 MP: 0/7
   969 | D:2      | Noticed Jessica
   974 | D:2      | Killed Jessica
  1199 | D:2      | Reached XP level 4. HP: 33/33 MP: 2/8
  1420 | D:2      | Slain by Terence

Vault maps used:
D:1:      erik_arrival_blinker_ship
D:2:      fedhas_altar_3, nicolae_overflow_hidden_temple, first_bread,
          uniq_jessica, uniq_terence

Skill      XL: |  1  2  3 |
---------------+----------+-----
Spellcasting   | 3 |  3.4
Dodging        | |  1.7
Stealth        | |  1.7
Conjurations   | |  4.9

Action                   |  1- 3 |  4- 6 || total
-------------------------+-------+-------++-------
Melee: Short sword       |    36 |    29 ||    65
       Tailslap          |     6 |     3 ||     9
 Cast: Magic Dart        |    53 |    18 ||    71
       Searing Ray       |     1 |     1 ||     2
  Use: Scroll            |     2 |       ||     2
       Potion            |       |     1 ||     1
  Eat: Chunk             |     1 |     1 ||     2
Armor: Skin              |    13 |    22 ||    35
Dodge: Dodged            |    30 |    27 ||    57
